 Dungeon Crawl Stone Soup version 0.30-a0-626-gd6a5dd7a1f (webtiles) character file.

Game seed: 1098337988662086341

416 bande the Covered (level 6, 39/39 HPs)
             Began as a Gargoyle Fighter on Jan 11, 2023.
             Quit the game on level 4 of the Dungeon.
             The game lasted 00:04:27 (3124 turns).

bande the Covered (Gargoyle Fighter)                Turns: 3124, Time: 00:04:27

Health: 39/39      AC: 11    Str: 20    XL:     6   Next: 92%
Magic:  6/7        EV:  9    Int:  8    God:
Gold:   242        SH:  4    Dex: 11    Spells: 5/5 levels left

rFire   . . .      SeeInvis .    a - +0 war axe
rCold   . . .      Faith    .    c - +0 buckler
rNeg    + . .      Spirit   .    b - +0 scale mail
rPois   ∞          Reflect  .    (no helmet)
rElec   +          Harm     .    o - +0 cloak
rCorr   .          Rampage  .    f - +0 pair of gloves
Will    .....                    (no boots) Stlth
                                 l - amulet of regeneration
HPRegen 1.06/turn                (no ring)
MPRegen 0.10/turn                (no ring)

@: no status effects
A: sickness immunity, AC +4, negative energy resistance 1, electricity
resistance, torment resistance 1, petrification resistance, deformed body, high
MP 2, devolution 1
a: no special abilities


You were on level 4 of the Dungeon.
You visited 1 branch of the dungeon, and saw 4 of its levels.

You collected 242 gold pieces.

Inventory:

Hand Weapons
 a - a +0 war axe (weapon)
 p - a +0 flail
Armour
 b - a +0 scale mail (worn)
 c - a +0 buckler (worn)
 f - a +0 pair of gloves (worn)
 o - a +0 cloak (worn)
Jewellery
 h - the Hermit's Pendant {Faith Invo=14 Evo=0 MP+5}
   (You found it on level 3 of the Dungeon)

   [amulet of faith]

   It sets your invocations skill to 14 and your evocations skill to 0.
   It allows you to gain divine favour quickly.
   MP:        It affects your magic capacity (+5).
 l - an amulet of regeneration (around neck)
Scrolls
 e - a scroll of identify
 i - 3 scrolls of teleportation
Potions
 d - a potion of might
 j - 2 potions of curing
 k - a potion of brilliance
 n - 2 potions of heal wounds


   Skills:
 + Level 4.6 Fighting
 + Level 4.6 Axes
 + Level 4.8 Armour
 + Level 4.1 Shields


You had 5 spell levels left.
You didn't know any spells.
Your spell library contained the following spells:

 Spells                   Type           Power      Damage    Failure   Level
 Ensorcelled Hibernation  Hex/Ice        0%         N/A       93%         2
 Poisonous Vapours        Pois/Air       0%         N/A       93%         2
 Mephitic Cloud           Conj/Pois/Air  0%         N/A       99%         3
 Spider Form              Tmut/Pois      0%         N/A       99%         3
 Tukima's Dance           Hex            0%         N/A       99%         3
 Anguish                  Hex/Necr       0%         N/A       100%        4
 Passage of Golubria      Tloc           0%         N/A       100%        4
 Yara's Violent Unravell  Hex/Tmut       0%         3d3       100%        5
 Cigotuvi's Dreadful Rot  Necr/Pois/Air  Unusable   N/A       N/A         2

Dungeon Overview and Level Annotations

Branches:
Dungeon (4/15)
 Temple: D:4-7

Altars:
Gozag
Nemelex Xobeh

Annotations:
D:4 1 runed translucent door, greasedhog's ghost, amateur MeFi


Innate Abilities, Weirdness & Mutations

You are immune to sickness and miasma.
Your stone body is resilient. (AC +4)
You are immune to poison.
You resist negative energy. (rN+)
You are resistant to electric shocks. (rElec)
You are resistant to unholy torment.
You are immune to petrification.
Armour fits poorly on your strangely shaped body.
You have a considerably increased reservoir of magic. (+20% MP)
You have hidden genetic defects.


Message History

You kill the gnoll!
You hit the gnoll. The gnoll closely misses you. The gnoll barely misses you.
You hit the gnoll.
The gnoll is almost dead.
You block the gnoll's attack.
You closely miss the gnoll.
The gnoll is almost dead.
The gnoll hits you but does no damage.
You slash the gnoll!
You kill the gnoll!
No target in view!
No target in view!
No target in view!
No target in view!
No target in view!
e - 4 scrolls of identify (gained 1)
g - 2 fizzy blue potions (gained 1)
As you read the scroll labelled POKITAN QETWUO, it crumbles to dust.
The air around you briefly surges with heat, but it dissipates.
It was a scroll of immolation.
As you read the scroll labelled OSATZU RAPOM, it crumbles to dust.
You assume a fearsome visage.
Nothing appears to happen.
It was a scroll of fear.
As you read the scroll of identify, it crumbles to dust.
g - 2 potions of mutation
As you read the scroll of identify, it crumbles to dust.
n - 2 potions of heal wounds
As you read the scroll of identify, it crumbles to dust.
r - a potion of lignification You drop a potion of lignification.
Really quaff the potion of mutation?
You feel extremely strange.
Your wings grow larger and stronger.
Your body twists and deforms.
You feel resistant to cold.
Really quaff the potion of mutation?
You feel extremely strange.
You float gracefully downwards.
Your wings shrivel and weaken.
You no longer feel cold resistant.
You feel a hidden malignance growing inside you.
You feel more energetic. x2
Are you sure you want to abandon this character and quit the game? (Confirm with "yes".)

# # ####### #...... ############
#.##### #..........##### #.#
#............#########.#
#.....)....@.#....<....#
####+#............#....##########
..........))......#....# .....
..................#....# .....
....(.............#....#####.....
.....#............+....'.........
#+#.#########.....#....####...###
#S#..... ..#+#.........'....#.
#W###### ####.#.#########....#


There were no monsters in sight!

Vanquished Creatures
  2 black bears
  Crazy Yiuf (D:3)
  A jelly (D:4)
  An orc wizard (D:4)
  3 gnolls (D:4)
  3 adders
  An ufetubus (D:4)
  A worm (D:3)
  2 dart slugs
  7 orcs (D:4)
  8 bats
  8 endoplasms
  A giant cockroach (D:3)
  7 goblins
  7 hobgoblins
  3 jackals (D:1)
  6 kobolds
  4 quokkas
  8 ball pythons
  3 frilled lizards
  7 rats
84 creatures vanquished.

Notes
Turn   | Place    | Note
-------+----------+-------------------------------------------
     0 | D:1      | bande the Gargoyle Fighter began the quest for the Orb.
     0 | D:1      | Reached XP level 1. HP: 14/14 MP: 1/1
    88 | D:1      | Reached XP level 2. HP: 19/19 MP: 2/2
   488 | D:1      | Reached XP level 3. HP: 21/24 MP: 3/3
  1358 | D:2      | Reached XP level 4. HP: 29/29 MP: 4/4
  1617 | D:3      | Found a runed translucent door.
  1618 | D:3      | Noticed Crazy Yiuf
  1794 | D:3      | Found the Hermit's Pendant {Faith Invo=14 Evo=0 MP+5}
  1806 | D:3      | Noticed a black bear
  1819 | D:3      | Killed a black bear
  1820 | D:3      | Reached XP level 5. HP: 23/33 MP: 5/5
  2156 | D:3      | Found a sparkling altar of Nemelex Xobeh.
  2166 | D:3      | Found an opulent altar of Gozag.
  2261 | D:3      | Killed Crazy Yiuf
  2557 | D:4      | Noticed a black bear
  2573 | D:4      | Killed a black bear
  2574 | D:4      | Reached XP level 6. HP: 37/39 MP: 6/6
  3067 | D:4      | Found a runed translucent door.
  3073 | D:4      | Noticed greasedhog's ghost (amateur MeFi)
  3122 | D:4      | Gained mutation: Your large and strong wings let you fly.
                  | [potion of mutation]
  3122 | D:4      | Gained mutation: Armour fits poorly on your strangely
                  | shaped body. [potion of mutation]
  3122 | D:4      | Gained mutation: Your flesh is cold resistant. (rC+)
                  | [potion of mutation]
  3123 | D:4      | Lost mutation: Your large and strong wings let you fly.
                  | [potion of mutation]
  3123 | D:4      | Lost mutation: Your flesh is cold resistant. (rC+) [potion
                  | of mutation]
  3123 | D:4      | Gained mutation: You have hidden genetic defects. [potion
                  | of mutation]
  3123 | D:4      | Gained mutation: You have an increased reservoir of magic.
                  | (+10% MP) [potion of mutation]
  3123 | D:4      | Gained mutation: You have a considerably increased
                  | reservoir of magic. (+20% MP) [potion of mutation]
  3124 | D:4      | Quit the game

Illustrated notes

Levels and vault maps discovered:
D:1:      minmay_arrival_arboretum_small, layout_basic, minmay_tromino_i2
D:2:      layout_rooms, corner_web_ring, minmay_misc_feat_plants
D:3:      layout_loops_ring, grunt_temple_overflow_opulence,
          minmay_misc_feat_roman, uniq_crazy_yiuf_cottage
D:4:      layout_basic, lemuel_temple_firewalk_b, ebering_ghost_sewer_d,
          kennysheep_generic_room_3

Skill      XL: |  1  2  3  4  5 |
---------------+----------------+-----
Axes           | 2 3 4 |  4.6
Fighting       | 4 |  4.6
Armour         | 4 |  4.8
Shields        | 4 |  4.1

Action                   |  1- 3 |  4- 6 || total
-------------------------+-------+-------++-------
Melee: War axe           |    96 |   130 ||   226
  Use: Scroll            |       |    10 ||    10
       Potion            |       |     2 ||     2
Armor: Scale mail        |    82 |   105 ||   187
Dodge: Dodged            |    56 |    93 ||   149
Block: Buckler           |    16 |    48 ||    64

Table legend: (Time is in decaauts)
 A = Elapsed time spent in this place.
 B = Non-inter-level travel time spent in this place.
 C = Inter-level travel time spent in this place.
 D = Time resting spent in this place.
 E = Time spent auto-exploring this place.
 F = Levels seen in this place.
 G = Mean time per level.
                   A        B        C        D        E       F      G
               +--------+--------+--------+--------+--------+-----+--------+
         Total |   3210 |   3113 |     97 |    147 |   2307 |   4 |  802.5 |
       Dungeon |   3210 |   3113 |     97 |    147 |   2307 |   4 |  802.5 |
               +--------+--------+--------+--------+--------+-----+--------+

Top non-repeatable levels by time:
     D:1: 897 daAuts
     D:4: 817 daAuts
     D:3: 786 daAuts
     D:2: 709 daAuts
